Map: Neon Violet Square LE

Players

SamuraiFunn - Winner!

  • Race: Protoss Protoss
  • Spawn Location: 5:00

A.I. 1 (Very Hard)

  • Race: Terran Terran
  • Spawn Location: 11:00

VOD

Have the link to the VOD?

Description

Time

  • Played on: Nov. 21, 2017, 11:06 p.m.
  • Length: 16:01
Show
View Real Time Build Order
Export as new Build Order

SamuraiFunn Protoss - Winner!

Build Orders:  

Get SALT Encoding   

  12  0:02  Probe  
  13  0:14  Probe  
  14  0:22  Pylon  
  14  0:28  Probe  
  15  0:40  Probe  
  16  0:47  Gateway  
  16  0:52  Probe (Chrono Boost)  
  17  1:03  Probe (Chrono Boost)  
  18  1:06  Probe  
  19  1:11  Assimilator  
  19  1:18  Probe  
  20  1:30  Assimilator  
  20  1:31  Probe  
  21  1:36  Cybernetics Core  
  21  1:48  Nexus  
  21  1:51  Probe  
  22  1:57  Pylon  
  22  2:03  Probe  
  23  2:15  Probe  
  23  2:22  Adept  
  26  2:36  Twilight Council  
  26  2:39  Probe  
  27  2:51  Probe  
  27  2:55  Adept  
  27  2:56  Pylon  
  30  3:09  Probe  
  30  3:10  Probe  
  30  3:11  Assimilator  
  32  3:18  Charge  
  32  3:22  Zealot  
  34  3:28  Gateway  
  34  3:29  Gateway  
  34  3:30  Probe x2  
  34  3:33  Assimilator  
  36  3:42  Probe  
  37  3:53  Warp Gate (Chrono Boost)  
  37  3:56  Zealot  
  39  4:13  Probe x2  
  41  4:25  Probe x2  
  43  4:32  Robotics Facility  
  43  4:35  Robotics Facility  
  43  4:39  Probe x2  
  45  4:59  Pylon  
  45  5:04  Pylon  
  45  5:09  Pylon  
  45  5:10  Blink  
  45  5:26  Immortal x2  
  53  5:34  Probe x2  
  55  5:47  Gateway  
  55  5:48  Gateway  
  55  5:50  Gateway, Probe x2  
  55  5:53  Stalker x2  
  55  5:54  Stalker  
  63  6:09  Immortal x2  
  71  6:23  Probe  
  71  6:24  Probe  
  73  6:35  Nexus  
  73  6:39  Probe x2  
  75  6:48  Warp Prism  
  77  7:01  Probe  
  78  7:07  Pylon  
  78  7:11  Pylon  
  78  7:13  Pylon  
  78  7:21  Forge  
  78  7:25  Probe  
  78  7:28  Forge  
  79  7:33  Probe  
  80  7:37  Probe  
  80  7:40  Assimilator  
  80  7:41  Stalker x3  
  80  7:43  Assimilator, Stalker  
  80  7:44  Stalker x2  
  93  7:55  Observer  
  93  7:56  Observer  
  95  8:10  Stalker x5  
  95  8:12  Stalker  
  107  8:30  Nexus  
  107  8:32  Pylon  
  107  8:35  Probe x2, Pylon  
  107  8:36  Probe  
  107  8:37  Pylon  
  99  9:08  Stalker  
  99  9:09  Stalker x4  
  75  9:19  Stalker  
  75  9:37  Stalker  
  75  9:38  Stalker x4  
  85  10:00  Protoss Ground Weapons Level 1 (Chrono Boost)  
  85  10:01  Protoss Ground Armor Level 1 (Chrono Boost)  
  85  10:08  Immortal x2  
  93  10:18  Stalker  
  95  10:58  Stalker x2  
  95  10:59  Stalker x3  
  105  11:05  Templar Archives  
  105  11:08  Robotics Bay  
  105  11:19  Stalker  
  105  11:43  Stalker x5  
  105  11:44  Protoss Shields Level 1, Stalker  
  117  11:48  Immortal x2  
  125  12:07  Stalker  
  125  12:08  Stalker x4  
  133  12:09  Stalker  
  111  12:35  Stalker x2  
  111  12:36  Stalker x4  
  109  13:20  Stalker x2  
  109  13:21  Stalker x4  
  109  13:24  Immortal x2  
Show
View Real Time Build Order
Export as new Build Order

A.I. 1 (Very Hard) Terran 

Build Orders: MMM Bio 

Get SALT Encoding   

  12  0:00  SCV  
  13  0:13  SCV  
  14  0:20  Supply Depot  
  14  0:25  SCV  
  15  0:41  SCV  
  16  0:42  Barracks  
  16  0:54  SCV  
  17  1:06  SCV  
  18  1:18  SCV, Supply Depot  
  19  1:22  Refinery  
  19  1:29  Marine  
  19  1:30  SCV  
  21  1:42  SCV  
  22  1:47  Marine  
  22  1:52  Barracks  
  23  1:54  SCV  
  23  1:58  Refinery  
  24  2:05  Marine  
  24  2:06  Supply Depot  
  24  2:07  SCV  
  26  2:19  SCV  
  27  2:22  Marine  
  27  2:27  Factory  
  28  2:31  SCV  
  29  2:39  Marine  
  29  2:40  Marine  
  29  2:43  SCV  
  32  2:55  SCV  
  32  2:57  Marine  
  34  2:58  Marine  
  35  3:07  SCV  
  36  3:15  Marine  
  36  3:16  Marine  
  36  3:19  SCV  
  39  3:21  Supply Depot  
  39  3:29  Factory Tech Lab  
  39  3:31  SCV  
  39  3:42  Marine  
  39  3:43  Starport  
  39  3:44  SCV  
  41  3:49  Marine  
  42  3:56  SCV  
  42  4:00  Marine  
  44  4:08  SCV  
  45  4:14  Barracks  
  45  4:20  SCV  
  46  4:27  Supply Depot  
  46  4:32  SCV  
  46  4:33  Starport Tech Lab  
  47  4:45  Factory  
  47  4:47  Starport  
  47  4:49  SCV, Marine x2, Siege Tank  
  53  5:01  SCV, Supply Depot  
  54  5:13  SCV  
  55  5:22  Barracks Tech Lab, Barracks Reactor  
  55  5:23  Medivac, Marine  
  55  5:24  Medivac, Supply Depot  
  55  5:25  SCV  
  61  5:30  Command Center  
  61  5:40  Stimpack  
  61  5:41  Marauder  
  63  5:56  Barracks Tech Lab, Supply Depot  
  63  6:02  Marauder  
  63  6:03  Engineering Bay  
  65  6:14  Combat Shields  
  65  6:15  Marauder  
  67  6:24  Marauder  
  69  6:30  Terran Infantry Weapons Level 1  
  68  6:36  Marauder  
  70  6:41  Supply Depot  
  70  6:42  SCV  
  70  6:44  SCV  
  70  6:45  Marauder  
  74  6:54  SCV  
  74  6:56  SCV  
  74  7:00  Marauder  
  78  7:06  SCV  
  78  7:07  Marauder  
  81  7:14  Orbital Command  
  81  7:21  Marauder  
  83  7:22  Engineering Bay  
  83  7:28  Marauder  
  85  7:32  Concussive Shells  
  85  7:34  Missile Turret  
  85  7:36  Missile Turret  
  85  7:42  Starport Reactor, Barracks  
  85  7:43  Marauder  
  87  7:48  Medivac, Terran Infantry Armor Level 1  
  87  7:49  Marauder  
  91  7:53  Supply Depot  
  91  7:57  Marine  
  92  7:59  Marine  
  92  8:03  Marine  
  94  8:10  Marine  
  95  8:18  Medivac, Viking  
  98  8:22  Marauder  
  98  8:24  Supply Depot  
  100  8:29  Marauder  
  100  8:32  Refinery  
  102  8:38  Refinery  
  102  8:43  Marauder  
  102  8:47  Supply Depot  
  104  8:50  Marauder  
  104  8:54  SCV  
  107  8:59  Marine x2  
  107  9:00  Marine  
  107  9:03  SCV  
  107  9:05  Marauder  
  88  9:11  Marauder  
  88  9:12  Command Center  
  79  9:17  Marine x2  
  79  9:22  Marine  
  73  9:26  Marauder  
  72  9:32  Marine  
  72  9:35  Marine x2  
  75  9:40  Medivac, Marine  
  78  9:46  Viking  
  78  9:47  Marine  
  78  9:50  Marauder  
  83  9:53  Marine  
  83  9:54  Marine  
  83  9:58  Marine  
  86  10:05  Marine  
  87  10:10  Marine  
  87  10:12  Marine, Marauder  
  91  10:15  Marine  
  92  10:23  Marauder  
  92  10:24  Fusion Core  
  94  10:28  Marine  
  94  10:30  SCV  
  94  10:32  SCV  
  94  10:35  SCV  
  98  10:40  Marauder  
  100  10:42  SCV  
  100  10:44  SCV  
  100  10:45  Marauder  
  100  10:47  SCV  
  105  10:55  SCV  
  106  10:57  Missile Turret  
  106  10:58  SCV  
  106  10:59  SCV  
  108  11:05  Marine  
  108  11:06  Marine  
  108  11:07  SCV, Marine, Missile Turret  
  108  11:10  SCV  
  108  11:11  Marine  
  114  11:12  SCV  
  114  11:13  Battlecruiser  
  121  11:19  SCV  
  121  11:22  SCV  
  121  11:24  SCV  
  124  11:31  SCV  
  125  11:32  Supply Depot  
  125  11:34  SCV  
  125  11:37  SCV  
  127  11:42  Armory  
  127  11:43  SCV  
  127  11:46  Missile Turret  
  128  11:49  Orbital Command  
  128  11:59  Supply Depot  
  128  12:10  Missile Turret  
  128  12:12  Hellion x2  
  132  12:17  Battlecruiser  
  132  12:19  Factory  
  132  12:20  Marauder  
  132  12:22  Marauder  
  139  12:25  SCV, Supply Depot  
  139  12:26  Marine  
  139  12:27  Marine  
  139  12:28  Marine  
  116  12:30  Terran Infantry Armor Level 2  
  116  12:31  Terran Infantry Weapons Level 2  
  116  12:33  Hellion  
  116  12:34  Factory Tech Lab  
  95  12:40  SCV  
  95  12:41  Marine  
  95  12:43  Marine  
  95  12:44  SCV, Marine  
  82  12:45  Marine  
  79  12:52  SCV, Hellion  
  79  12:54  Siege Tank  
  79  12:56  SCV  
  84  12:59  Marauder  
  84  13:05  Marine  
  75  13:10  Marine x3  
  60  13:13  Siege Tank  
  60  13:17  SCV  
  46  13:20  Marine  
  46  13:22  Marine  
  37  13:38  Marine x2  
  33  13:43  Marine  
  34  13:49  SCV  
  27  13:56  Armory  
  26  14:07  Command Center  
  22  14:49  Marine  
  1  15:45  Command Center  
Tags
 
Composition
MMM Bio
Matchup
PvT
Replay Pack
First 100 games
Spawn Locations
Cross Positions
Add a new tag
Caveats
  • Supply blocks, unpowered buildings, or Contaminate may cause inaccurate times.
  • Supply counts are checked every 10 seconds.